 Dungeon Crawl Stone Soup version 0.29-a0-270-g1586fc07ea (webtiles) character file.

Game seed: 8411483553571028565

107 Crownlay the Digger (level 4, 0/27 HPs)
             Began as an Octopode Earth Elementalist on Mar 7, 2022.
             Slain by Sigmund
             ... wielding a +1 scythe of freezing
              (1 damage)
             ... on level 4 of the Dungeon.
             The game lasted 00:04:09 (3518 turns).

Crownlay the Digger (Octopode Earth Elementalist)   Turns: 3518, Time: 00:04:10

Health: 0/27       AC:  1    Str:  7    XL:     4   Next: 86%
Magic:  3/9        EV: 13    Int: 19    God:
Gold:   151        SH:  0    Dex: 12    Spells: 1/10 levels left

rFire   . . .      SeeInvis .   j - +1 dagger (venom)
rCold   . . .      Faith    .   (no shield)
rNeg    . . .      Spirit   .   (helmet restricted)
rPois   .          Reflect  .   (no amulet)
rElec   .          Harm     .   g - ring of willpower
rCorr   .          Rampage  .   (no ring)
Will    +....                   (no ring)
Stlth   +++.......              (no ring)
HPRegen 0.09/turn               (no ring)
MPRegen 0.11/turn               (no ring)
                                (no ring)
                                (no ring)

@: very slightly contaminated
A: almost no armour, amphibious, 8 rings, camouflage 1, gelatinous body 1,
(nimble swimmer 1), tentacles
a: no special abilities


You were on level 4 of the Dungeon.
You visited 1 branch of the dungeon, and saw 4 of its levels.

You collected 151 gold pieces.

Inventory:

Hand Weapons
 j - a +1 dagger of venom (weapon)
Missiles
 a - 40 stones
Jewellery
 g - a ring of willpower (left tentacle)
Scrolls
 e - a scroll of identify {unknown}
 f - a scroll of amnesia {unknown}
 h - 2 scrolls of enchant weapon
 i - a scroll of acquirement {unknown}
 k - 2 scrolls of magic mapping {unknown}
 m - a scroll of summoning {unknown}
 n - 2 scrolls of teleportation {unknown}
 p - a scroll of noise {unknown}
Potions
 b - a potion of magic
 c - 3 potions of haste {unknown}
 d - 4 potions of degeneration {unknown}
 l - a potion of flight {unknown}
 o - a potion of mutation {unknown}
 q - a potion of brilliance {unknown}
 r - a potion of curing {unknown}


   Skills:
 - Level 2.0 Dodging
 - Level 2.6 Stealth
 * Level 3.9 Spellcasting
 - Level 1.0 Transmutations
 + Level 3.9 Earth Magic


You had one spell level left.
You knew the following spells:

 Your Spells              Type           Power      Damage    Failure   Level
a - Sandblast             Erth           36%        2d10      2%          1
b - Passwall              Tmut/Erth      10%        N/A       8%          2
c - Ignite Poison         Fire/Tmut/Pois 4%         N/A       36%         3
d - Stone Arrow           Conj/Erth      22%        3d8       19%         3

Your spell library contained the following spells:

 Spells                   Type           Power      Damage    Failure   Level
 Animate Skeleton         Necr           6%         N/A       14%         1
 Apportation              Tloc           6%         N/A       14%         1
 Summon Small Mammal      Summ           12%        N/A       14%         1
 Conjure Flame            Conj/Fire      3%         6-21      38%         3
 Petrify                  Tmut/Erth      13%        N/A       45%         4
 Sticky Flame             Conj/Fire      3%         2d3       80%         4


Dungeon Overview and Level Annotations

Branches:
Dungeon (4/15)
 Temple: D:4-7

Altars:
Elyvilon

Annotations:
D:4 Sigmund


Innate Abilities, Weirdness & Mutations

You cannot wear most types of armour.
You are amphibious.
You can wear up to eight rings at the same time.
Your skin changes colour to match your surroundings (Stealth+).
Your rubbery body absorbs attacks. (AC +1, EV +1)
((You are camouflaged when in or above water. (Stealth+)))
You have tentacles for arms and can constrict up to eight enemies at once.


Message History

You are very lightly contaminated with residual magic.
Nothing appears to happen.
The blast of sand hits Sigmund!
Sigmund is moderately wounded.
Sigmund shouts!
The blast of sand hits Sigmund!
Sigmund is severely wounded.
Sigmund hits you from afar with a +1 scythe of freezing!
Sigmund freezes you.
* * * LOW HITPOINT WARNING * * *
You are too injured to fight recklessly!
You are too injured to fight recklessly!
Casting: Sandblast (safe; 2% risk of failure)
Confirm with . or Enter, or press ? or * to list all spells.
Aiming: Sandblast (safe; 2% risk of failure)
Press: ? - help, Shift-Dir - straight line, f/p - Sigmund
Aim: Sigmund, wielding a +1 scythe of freezing and wearing a +2 robe of willpower (severely wounded, 77% to hit)
The blast of sand hits Sigmund.
Sigmund is severely wounded.
Casting: Sandblast (safe; 2% risk of failure)
Confirm with . or Enter, or press ? or * to list all spells.
Aiming: Sandblast (safe; 2% risk of failure)
Press: ? - help, Shift-Dir - straight line, f/p - Sigmund
Aim: Sigmund, wielding a +1 scythe of freezing and wearing a +2 robe of willpower (severely wounded, 77% to hit)
The blast of sand hits Sigmund but does no damage.
Sigmund is severely wounded.
Sigmund casts a spell at you. The magic dart hits you.
* * * LOW HITPOINT WARNING * * *
Casting: Sandblast (safe; 2% risk of failure)
Confirm with . or Enter, or press ? or * to list all spells.
Aiming: Sandblast (safe; 2% risk of failure)
Press: ? - help, Shift-Dir - straight line, f/p - Sigmund
Aim: Sigmund, wielding a +1 scythe of freezing and wearing a +2 robe of willpower (severely wounded, 77% to hit)
The blast of sand hits Sigmund but does no damage.
Sigmund is severely wounded.
Sigmund hits you from afar with a +1 scythe of freezing.
* * * LOW HITPOINT WARNING * * *
Sigmund freezes you.
You die...

.## ## ... ..
#.# . ..###.
#>#@# # #..# .#
######.@##..#
............#
######.[###.#
#..# #.<#
...............
###########.###


You could see Sigmund.

Vanquished Creatures
  Robin (D:2)
  2 adders
  4 dart slugs
  3 orcs (D:3)
  3 bats
  5 endoplasms
  A giant cockroach (D:2)
  12 goblins
  5 hobgoblins
  6 jackals
  5 ball pythons
  4 frilled lizards (D:3)
  6 kobolds
  8 rats
65 creatures vanquished.

Notes
Turn   | Place    | Note
-------+----------+-------------------------------------------
     0 | D:1      | Crownlay the Octopode Earth Elementalist began the quest
                  | for the Orb.
     0 | D:1      | Reached XP level 1. HP: 11/11 MP: 3/3
   258 | D:1      | Reached XP level 2. HP: 13/17 MP: 5/5
  1146 | D:1      | Found a faded altar of an unknown god.
  1276 | D:1      | Reached XP level 3. HP: 20/21 MP: 7/7
  1676 | D:2      | Noticed Robin
  1707 | D:2      | Killed Robin
  1723 | D:2      | Reached XP level 4. HP: 19/27 MP: 2/9
  2394 | D:3      | Learned a level 2 spell: Passwall
  2398 | D:3      | Learned a level 3 spell: Ignite Poison
  2402 | D:3      | Learned a level 3 spell: Stone Arrow
  2890 | D:3      | Found a white marble altar of Elyvilon.
  3508 | D:4      | Noticed Sigmund
  3518 | D:4      | HP: 1/27 [Sigmund/+1 scythe of freezing (2)]
  3518 | D:4      | Slain by Sigmund

Illustrated notes

Levels and vault maps discovered:
D:1:      heliophobic_arrival_battle_scene, layout_loops_corners,
          dreamdust_ecumenical_altar_sealed_demon,
          chequers_serial_rivers_small_3
D:2:      layout_rooms, uniq_robin
D:3:      layout_basic, marbit_many_paths
D:4:      layout_loops_ring, minmay_temple_entry_water_ring, serial_shops,
          nicolae_stop_n_shop_1, uniq_pikel, uniq_grinder, uniq_sigmund,
          uniq_menkaure

Skill      XL: |  1  2  3 |
---------------+----------+-----
Spellcasting   | 3 |  3.9
Dodging        | |  2.0
Stealth        | |  2.6
Transmutations | |  1.0
Earth Magic    | |  3.9

Action                   |  1- 3 |  4- 6 || total
-------------------------+-------+-------++-------
Melee: Spear             |    76 |     3 ||    79
       Constrict         |    21 |    18 ||    39
       Unarmed           |     1 |       ||     1
       Tentacles         |    10 |    14 ||    24
       Dagger            |       |    63 ||    63
 Cast: Sandblast         |     7 |     7 ||    14
  Use: Scroll            |     1 |       ||     1
 Stab: Sleeping          |    10 |     1 ||    11
Armor: Skin              |     6 |     6 ||    12
Dodge: Dodged            |    28 |    31 ||    59

Table legend: (Time is in decaauts)
 A = Elapsed time spent in this place.
 B = Non-inter-level travel time spent in this place.
 C = Inter-level travel time spent in this place.
 D = Time resting spent in this place.
 E = Time spent auto-exploring this place.
 F = Levels seen in this place.
 G = Mean time per level.
                   A        B        C        D        E       F      G
               +--------+--------+--------+--------+--------+-----+--------+
         Total |   3523 |   3444 |     79 |      2 |   2880 |   4 |  880.8 |
       Dungeon |   3523 |   3444 |     79 |      2 |   2880 |   4 |  880.8 |
               +--------+--------+--------+--------+--------+-----+--------+

Top non-repeatable levels by time:
     D:1: 1353 daAuts
     D:3: 1209 daAuts
     D:2: 950 daAuts
     D:4: 9 daAuts
